AoeStats
← ❀ MÔssieur Grobiz ❀

Hill Fort

504739071Analyzed
2v2 RM · 26d ago on Sep 6, 2026· 45m 3s· 4 players
Game mode
Random Map
Map size
Medium (4 player)
Population
200
Speed
Normal
Resources
Standard
Victory
Conquest
Starting age
Dark Age
Ending age
Imperial Age
RankedLock teamsTeams togetherTeam positionsShared explorationLock speedFull tech treeHidden civsTurbo modeCheats
Victory
Defeat
🇨🇴 Teutons · Colombia
1131
+12
🇨🇴 Bengalis · Colombia
1081
+13
🇫🇷 Bengalis · France
1036
-13
1028
-12
tacos4life198
9:07 Loom
11:05 Feudal Age
12:58 Double-Bit Axe
15:42 Horse Collar
19:41 Castle Age
19:20 Wheelbarrow
18:44 Gold Mining
21:10 Bow Saw
23:19 Fletching
25:44 Hand Cart
27:50 Ballistics
28:17 Bodkin Arrow
28:23 Padded Archer Armor
29:54 Bloodlines
29:46 Husbandry
29:57 Light Cavalry
31:36 Heavy Plow
34:05 Leather Archer Armor
33:59 Scale Barding Armor
34:05 Forging
34:05 Paiks
36:33 Imperial Age
35:01 Gold Shaft Mining
35:11 Town Watch
36:01 Stone Mining
36:18 Town Patrol
36:37 Elite Elephant Archer
38:33 Sanctity
38:30 Block Printing
38:54 Bracer
39:25 Ring Archer Armor
40:05 Chemistry
40:13 Conscription
45:08 Guilds
Juanparcero
7:40 Loom
9:46 Feudal Age
10:24 Horse Collar
10:32 Double-Bit Axe
15:28 Wheelbarrow
18:24 Castle Age
17:00 Gold Mining
17:53 Scale Barding Armor
18:28 Scale Mail Armor
18:05 Man-at-Arms
21:13 Bloodlines
21:00 Fletching
22:48 Heavy Plow
23:01 Town Watch
23:21 Bodkin Arrow
26:24 Bow Saw
28:54 Squires
28:14 Long Swordsman
28:53 Elite Skirmisher
31:03 Hand Cart
34:04 Stone Mining
37:08 Imperial Age
36:26 Ironclad
36:14 Town Patrol
37:00 Stone Shaft Mining
36:35 Padded Archer Armor
37:29 Gambesons
37:31 Arson
38:30 Conscription
40:04 Ballistics
40:59 Chain Mail Armor
40:54 Forging
42:59 Leather Archer Armor
43:20 Iron Casting
43:15 Plate Mail Armor
42:24 Heavy Scorpion
Furluk
4:37 Loom
11:02 Feudal Age
17:29 Castle Age
15:49 Gold Mining
15:54 Stone Mining
15:49 Horse Collar
19:07 Double-Bit Axe
19:18 Gold Mining
19:30 Heavy Plow
20:39 Fletching
20:50 Padded Archer Armor
21:26 Bodkin Arrow
24:42 Scale Barding Armor
24:49 Forging
25:45 Ballistics
25:43 Leather Archer Armor
29:04 Wheelbarrow
28:15 Town Watch
30:02 Chain Barding Armor
31:28 Iron Casting
32:06 Paiks
37:10 Imperial Age
38:31 Hand Cart
38:17 Town Patrol
38:08 Elite Ratha (Ranged)
38:55 Bracer
39:26 Ring Archer Armor
40:12 Chemistry
39:09 Murder Holes
42:57 Plate Barding Armor
43:23 Blast Furnace
❀ MÔssieur Grobiz ❀
11:25 Feudal Age
11:58 Loom
15:33 Castle Age
14:28 Double-Bit Axe
14:34 Man-at-Arms
15:27 Gold Mining
15:25 Man-at-Arms
17:35 Long Swordsman
18:17 Squires
20:36 Squires
20:23 Gambesons
22:56 Arson
24:19 Pikeman
25:33 Scale Mail Armor
25:44 Forging
29:00 Town Watch
30:05 Gold Shaft Mining
29:20 Stone Mining
31:22 Chain Mail Armor
31:43 Iron Casting
34:34 Bow Saw
34:07 Horse Collar
39:24 Imperial Age
39:33 Imperial Age
37:05 Town Patrol
37:25 Fletching
37:35 Padded Archer Armor
36:57 Elite Skirmisher
38:02 Stone Mining
38:45 Chieftains
40:44 Conscription
41:29 Two-Handed Swordsman
42:29 Champion
43:26 Bodkin Arrow
44:48 Plate Mail Armor
Connection lost

Rejoining the realm…

Still unreachable

The connection could not be restored.

Session expired

The server has moved on; the page needs a fresh start.